 Dungeon Crawl Stone Soup version 0.29.1-15-g9cfb28693d (webtiles) character file.

Game seed: 8468193536076304917

4 H0rd4k the Charlatan (level 1, -1/13 HPs)
             Began as an Octopode Artificer on Mar 27, 2023.
             Slain by a jackal (3 damage)
             ... on level 1 of the Dungeon.
             The game lasted 00:00:07 (29 turns).

H0rd4k the Charlatan (Octopode Artificer)             Turns: 29, Time: 00:00:08

Health: -1/13      AC:  1    Str: 11    XL:     1   Next: 60%
Magic:  1/1        EV: 13    Int: 13    God:
Gold:   10         SH:  0    Dex: 12    Spells: 0/0 levels left

rFire   . . .      SeeInvis .   (no weapon)
rCold   . . .      Faith    .   (no shield)
rNeg    . . .      Spirit   .   (helmet restricted)
rPois   .          Reflect  .   (no amulet)
rElec   .          Harm     .   (no ring)
rCorr   .          Rampage  .   (no ring)
Will    .....                   (no ring)
Stlth   +++.......              (no ring)
HPRegen 0.04/turn               (no ring)
MPRegen 0.07/turn               (no ring)
                                (no ring)
                                (no ring)

@: no status effects
A: almost no armour, amphibious, 8 rings, camouflage 1, gelatinous body 1,
(nimble swimmer 1), tentacles
a: no special abilities


You were on level 1 of the Dungeon.
You visited 1 branch of the dungeon, and saw 1 of its levels.

You collected 10 gold pieces.

Inventory:

Wands
 b - a wand of flame (15) (quivered)
 c - a wand of charming (15)
 d - a wand of iceblast (5)


   Skills:
 * Level 1.4 Fighting
 - Level 2.3 Dodging
 - Level 1.3 Stealth
 + Level 0.4 Unarmed Combat
 - Level 3.2 Evocations


You couldn't memorise any spells.
You didn't know any spells.
Your spell library was empty.

Dungeon Overview and Level Annotations

Branches:
Dungeon (1/15)

Altars:


Innate Abilities, Weirdness & Mutations

You cannot wear most types of armour.
You are amphibious.
You can wear up to eight rings at the same time.
Your skin changes colour to match your surroundings (Stealth+).
Your rubbery body absorbs attacks. (AC +1, EV +1)
((You are camouflaged when in or above water. (Stealth+)))
You have tentacles for arms and can constrict up to eight enemies at once.


Message History

A ball python comes into view.
The jackal barks!
You tentacle-slap the jackal.
The jackal is severely wounded.
You constrict the jackal. The jackal bites you. The jackal misses you.
You tentacle-slap the jackal.
You kill the jackal!
You barely miss the jackal. Your grab misses the jackal.
You tentacle-slap the jackal.
The jackal is heavily wounded.
The jackal barely misses you.
You barely miss the jackal. Your grab misses the jackal.
The jackal is heavily wounded.
A bat comes into view.
The jackal bites you. The jackal misses you.
You closely miss the jackal. You grab the jackal. You squeeze the jackal.
You kill the jackal!
You miss the goblin. Your grab misses the goblin.
Your squeeze misses the goblin. The goblin hits you with a +0 dagger.
You barely miss the goblin. Your grab misses the goblin.
You squeeze the goblin.
You kill the goblin!
The frilled lizard barely misses you.
You closely miss the jackal. Your grab misses the jackal.
Your squeeze misses the jackal. The jackal barely misses you.
The frilled lizard bites you.
You are too injured to fight recklessly!
You are too injured to fight recklessly!
You are too injured to fight recklessly!
You are too injured to fight recklessly!
You are too injured to fight recklessly!
You are too injured to fight recklessly!
You are too injured to fight recklessly!
You are too injured to fight recklessly!
You are too injured to fight recklessly!
You are too injured to fight recklessly!
The jackal bites you. The frilled lizard bites you.
* * * LOW HITPOINT WARNING * * *
The jackal attacks as you move away! The jackal bites you.
You die...

≈≈≈≈....#........+...
§§≈ ##.#.##.....#...
§≈...#<.#.##.#.......
≈≈≈...........#.......
....#.###.#.##......#
.. ... ...#.##......#
.... #####.##.######
..... #.##.#######
..## #.##@......# .>
...#hl.....#
##.#S###.... .#b# ...
#.# .. #h. . ..# ...
...


You could see 2 jackals, a bat, a ball python and a frilled lizard.

Vanquished Creatures
  A goblin (D:1)
  2 jackals (D:1)
3 creatures vanquished.

Notes
Turn   | Place    | Note
-------+----------+-------------------------------------------
     0 | D:1      | H0rd4k the Octopode Artificer began the quest for the Orb.
     0 | D:1      | Reached XP level 1. HP: 13/13 MP: 1/1
    29 | D:1      | Slain by a jackal

Illustrated notes

Levels and vault maps discovered:
D:1:      dpeg_arrival_lava_altar, layout_basic, ebering_ecumenical_altar_webs

Action                   || total
-------------------------++-------
Melee: Unarmed           ||     9
       Constrict         ||     2
       Tentacles         ||     2
       Punch             ||     1
Dodge: Dodged            ||     6
